 Dungeon Crawl Stone Soup version 0.29.1-14-g9c671dbff4 (webtiles) character file.

Game seed: 11668614699699732065

70 Heoruswealwe the Grave Robber (level 4, -1/24 HPs)
             Began as a Deep Elf Necromancer on Feb 13, 2023.
             Slain by an ufetubus (4 damage)
             ... on level 3 of the Dungeon.
             The game lasted 00:29:15 (2286 turns).

Heoruswealwe the Grave Robber (DENe)                Turns: 2286, Time: 00:29:16

Health: -1/24      AC:  2    Str:  5    XL:     4   Next: 3%
Magic:  10/11      EV: 12    Int: 22    God:
Gold:   128        SH:  0    Dex: 15    Spells: 5/9 levels left

rFire   . . .      SeeInvis .   q - +0 dagger
rCold   . . .      Faith    .   (no shield)
rNeg    . . .      Spirit   .   g - +0 robe
rPois   .          Reflect  .   (no helmet)
rElec   .          Harm     .   (no cloak)
rCorr   .          Rampage  .   (no gloves)
Will    .....                   (no boots)
Stlth   ++........              (no amulet)
HPRegen 0.08/turn               (no ring)
MPRegen 0.12/turn               (no ring)

@: no status effects
A: no striking features
a: no special abilities


You were on level 3 of the Dungeon.
You visited 1 branch of the dungeon, and saw 3 of its levels.

You collected 128 gold pieces.

Inventory:

Hand Weapons
 a - a +0 falchion
 o - a +0 whip
 q - a +0 dagger (weapon)
 t - a +0 long sword
Missiles
 k - 10 stones
Armour
 f - a +0 ring mail
 g - a +0 robe (worn)
 n - a +0 scale mail
 r - a +0 barding
 s - a +0 robe
Jewellery
 h - a ring of protection from fire
Scrolls
 e - a scroll of identify
 j - a scroll of summoning
 l - a scroll of torment
 p - a scroll of fear {unknown}
Potions
 b - a potion of magic
 c - a potion of mutation {unknown}
 d - a potion of might {unknown}
 i - a potion of curing {unknown}
 m - a potion of degeneration {unknown}


   Skills:
 + Level 0.1 Fighting
 + Level 0.3 Short Blades
 + Level 2.5 Dodging
 + Level 2.9 Stealth
 * Level 3.4 Spellcasting
 + Level 0.7 Conjurations
 + Level 0.4 Hexes
 + Level 0.5 Summonings
 * Level 5.0 Necromancy
 + Level 0.5 Translocations
 + Level 0.4 Transmutations
 + Level 0.6 Fire Magic
 + Level 0.3 Ice Magic
 + Level 0.3 Air Magic
 + Level 0.7 Earth Magic
 + Level 0.1 Poison Magic
 + Level 0.6 Invocations
 + Level 0.8 Evocations


You had 5 spell levels left.
You knew the following spells:

 Your Spells              Type           Power      Damage    Failure   Level
a - Necrotise             Necr           100%       1d9       1%          1
b - Vampiric Draining     Necr           26%        2d7       4%          3

Your spell library contained the following spells:

 Spells                   Type           Power      Damage    Failure   Level
 Animate Dead             Necr           26%        N/A       14%         4
 Frozen Ramparts          Ice            10%        1d2       30%         3
 Agony                    Necr           26%        N/A       38%         5
 Summon Ice Beast         Ice/Summ       5%         N/A       69%         4
 Ice Form                 Ice/Tmut       5%         N/A       71%         4


Dungeon Overview and Level Annotations

Branches:
Dungeon (3/15)

Altars:
Dithmenos


Message History

The ufetubus hits you but does no damage.
You hit the ufetubus.
The ufetubus is heavily wounded.
The sentinel's mark upon you fades away.
The ufetubus misses you. The ufetubus barely misses you.
You hit the ufetubus but do no damage.
The ufetubus is heavily wounded.
The ufetubus hits you.
The ufetubus hits you but does no damage.
The ufetubus hits you. The ufetubus misses you.
Your hobgoblin skeleton hits the giant cockroach.
You barely miss the ufetubus.
The ufetubus is heavily wounded.
The ufetubus hits you. The ufetubus closely misses you.
You closely miss the ufetubus.
The ufetubus is heavily wounded.
The ufetubus hits you.
* * * LOW HITPOINT WARNING * * *
The ufetubus hits you but does no damage.
Your hobgoblin skeleton hits the giant cockroach.
The ufetubus hits you.
* * * LOW HITPOINT WARNING * * *
The ufetubus closely misses you.
The giant cockroach bites your hobgoblin skeleton.
Your hobgoblin skeleton hits the giant cockroach.
The giant cockroach dies!
A kobold comes into view. It is wielding a +0 club.
You hit the ufetubus.
The ufetubus is heavily wounded.
The ufetubus barely misses you. x2
The kobold barely misses your hobgoblin skeleton.
The ufetubus closely misses you. x2
You closely miss the ufetubus.
The ufetubus is heavily wounded.
The ufetubus closely misses you. The ufetubus hits you.
* * * LOW HITPOINT WARNING * * *
Your hobgoblin skeleton hits the goblin.
The kobold hits your hobgoblin skeleton with a +0 club.
The ufetubus hits you.
You die...

### ### #.. #<# #.# ######
#.# #.#
##.....#######.####.#######
........Z.g5@........>.....
.#...K.#####.####.#.#####
#.#.#.# #.#..........#
#.#.# #.#.##.#.###.# #.#.#
#.#.##.#.# .B#.# #.#.##.#.#
.##.#####.#.##.#.###.# ..
#.......#..........# ..
############.#.#####.#


You could see an ufetubus, a goblin, a kobold (ally target) and a friendly
hobgoblin skeleton.

Vanquished Creatures
  2 adders (D:2)
  2 worms (D:2)
  2 dart slugs (D:2)
  3 bats (D:2)
  4 endoplasms
  5 goblins
  3 hobgoblins
  2 jackals (D:2)
  2 quokkas (D:1)
  2 ball pythons
  3 frilled lizards
  3 kobolds
  3 rats (D:1)
36 creatures vanquished.

Vanquished Creatures (collateral kills)
  An endoplasm (D:1)
  A giant cockroach (D:3)
  A hobgoblin (D:1)
3 creatures vanquished.

Grand Total: 39 creatures vanquished

Notes
Turn   | Place    | Note
-------+----------+-------------------------------------------
     0 | D:1      | Heoruswealwe the Deep Elf Necromancer began the quest for
                  | the Orb.
     0 | D:1      | Reached XP level 1. HP: 10/10 MP: 6/6
   280 | D:1      | Reached XP level 2. HP: 11/15 MP: 2/8
  1378 | D:2      | Reached skill level 5 in Necromancy
  1378 | D:2      | Reached XP level 3. HP: 19/19 MP: 2/9
  1439 | D:2      | Found a faded altar of an unknown god.
  1461 | D:2      | Prayed at the altar of an unknown god.
  1461 | D:2      | Became a worshipper of Dithmenos the Shadowed
  1461 | D:2      | Reached * piety under Dithmenos
  1462 | D:2      | Fell from the grace of Dithmenos
  1637 | D:2      | Learned a level 3 spell: Vampiric Draining
  2273 | D:3      | Reached XP level 4. HP: 24/24 MP: 9/11
  2286 | D:3      | Slain by an ufetubus

Illustrated notes

Levels and vault maps discovered:
D:1:      lemuel_arrival_cross, layout_basic, minmay_misc_feat_roman
D:2:      minmay_general_purpose_star, layout_loops_ring, basic_ecumenical_altar
D:3:      layout_basic, uniq_terence

Skill      XL: |  1  2 |
---------------+-------+-----
Necromancy     | 5 |  5.0
Fighting       | |  0.1
Short Blades   | |  0.3
Dodging        | |  2.5
Stealth        | |  2.9
Spellcasting   | |  3.4
Conjurations   | |  0.7
Hexes          | |  0.4
Summonings     | |  0.5
Translocations | |  0.5
Transmutations | |  0.4
Fire Magic     | |  0.6
Ice Magic      | |  0.3
Air Magic      | |  0.3
Earth Magic    | |  0.7
Poison Magic   | |  0.1
Invocations    | |  0.6
Evocations     | |  0.8

Action                   |  1- 3 |  4- 6 || total
-------------------------+-------+-------++-------
Melee: Dagger            |       |     8 ||     8
 Cast: Necrotise         |    67 |       ||    67
       Vampiric Draining |     6 |       ||     6
Invok: Renounce Religion |     1 |       ||     1
  Use: Scroll            |     2 |       ||     2
Armor: Robe              |     2 |     3 ||     5
Dodge: Dodged            |    15 |    16 ||    31
